 Dungeon Crawl Stone Soup version 0.29.1-15-g9cfb28693d (webtiles) character file.

Game seed: 16205468342575560241

1325 Thatpatchoflichen the Slasher (level 8, -1/68 HPs)
             Began as a Ghoul Gladiator on Feb 25, 2023.
             Slain by a wight
             ... wielding a +0 battleaxe
              (4 damage)
             ... on level 4 of the Dungeon.
             The game lasted 00:16:56 (7123 turns).

Thatpatchoflichen the Slasher (Ghoul Gladiator)     Turns: 7123, Time: 00:16:57

Health: -1/68      AC: 12    Str: 18    XL:     8   Next: 60%
Magic:  7/7        EV:  9    Int:  9    God:
Gold:   375        SH:  5    Dex: 12    Spells: 7/7 levels left

rFire   . . .      SeeInvis .   j - +0 scimitar
rCold   + . .      Faith    .   (no shield)
rNeg    + + +      Spirit   .   o - +0 chain mail
rPois   ∞          Reflect  +   c - +0 helmet
rElec   .          Harm     .   l - +0 cloak
rCorr   .          Rampage  .   (no gloves)
Will    .....                   (no boots)
Stlth   ..........              n - amulet of reflection
HPRegen 0.00/turn               h - +6 ring of intelligence
MPRegen 0.10/turn               (no ring)

@: inhibited regen
A: claws 1, cold resistance 1, negative energy resistance 3, inhibited
regeneration, torment resistance 2, devour on kill
a: no special abilities


You were on level 4 of the Dungeon.
You visited 1 branch of the dungeon, and saw 6 of its levels.
You also visited: Ossuary.

You collected 375 gold pieces.

Inventory:

Hand Weapons
 j - a +0 scimitar (weapon)
Missiles
 d - 3 throwing nets (quivered)
 e - a javelin
 B - 2 poisoned darts
Armour
 c - a +0 helmet (worn)
 l - a +0 cloak (worn)
 o - a +0 chain mail (worn)
 F - a +1 leather armour of fire resistance
Jewellery
 h - a +6 ring of intelligence (left claw)
 n - an amulet of reflection (around neck)
 D - an amulet of regeneration
Wands
 E - a wand of iceblast (7)
Scrolls
 b - 2 scrolls of magic mapping {unknown}
 g - 4 scrolls of identify {unknown}
 k - 4 scrolls of immolation {unknown}
 m - a scroll of butterflies {unknown}
 q - 3 scrolls of amnesia {unknown}
 r - a scroll of noise {unknown}
 s - 2 scrolls of poison {unknown}
 t - a scroll of enchant armour {unknown}
 v - 3 scrolls of fear {unknown}
 x - a scroll of silence {unknown}
 y - a scroll of enchant weapon {unknown}
 z - a scroll of vulnerability {unknown}
 A - 2 scrolls of teleportation {unknown}
Potions
 a - a potion of lignification {unknown}
 f - a potion of berserk rage {unknown}
 i - 2 potions of attraction {unknown}
 p - a potion of curing
 u - 2 potions of brilliance {unknown}
 w - 2 potions of heal wounds {unknown}
 C - a potion of mutation {unknown}


   Skills:
 + Level 5.3 Fighting
 + Level 5.6 Long Blades
 - Level 1.7 Throwing
 + Level 5.0 Armour
 + Level 5.0 Dodging


You had 7 spell levels left.
You didn't know any spells.
Your spell library contained the following spells:

 Spells                   Type           Power      Damage    Failure   Level
 Magic Dart               Conj           0%         1d3       99%         1
 Passwall                 Tmut/Erth      0%         N/A       100%        2
 Searing Ray              Conj           0%         2d4       100%        2
 Gell's Gravitas          Tloc           0%         N/A       100%        3
 Lesser Beckoning         Tloc           0%         N/A       100%        3
 Swiftness                Air            0%         N/A       100%        3
 Teleport Other           Tloc           0%         N/A       100%        3
 Fulminant Prism          Conj/Hex       0%         3d6       100%        4
 Iron Shot                Conj/Erth      0%         9d1       100%        6
 Statue Form              Tmut/Erth      Unusable   N/A       N/A         6

Dungeon Overview and Level Annotations

Branches:
Dungeon (6/15)            Ossuary (visited)
 Temple: D:4-7

Altars:
Fedhas
Makhleb
Qazlal
Vehumet
Xom

Shops:
D:2 [?[!*


Innate Abilities, Weirdness & Mutations

You are immune to poison.
You have sharp fingernails.
Your flesh is cold resistant. (rC+)
You are immune to negative energy. (rN+++)
You do not regenerate when monsters are visible.
You are immune to unholy pain and torment.
You thrive by killing the living.


Message History

There is a stone staircase leading down here.
You climb downwards.
There is a stone staircase leading up here. 2 wights come into view.
A wight comes into view. It is wielding a +0 mace.
Found a metallic blue potion.
You block the wight's attack.
The wight hits you with a +5 short sword!
The wight attacks as you move away! The wight hits you with a +0 battleaxe.
The wight attacks as you move away! The wight barely misses you.
There is a stone staircase leading up here.
The wight hits you but does no damage. The wight barely misses you.
You climb upwards.
There is a stone staircase leading down here.
The wight attacks as you move away! The wight hits you but does no damage.
The wight barely misses you.
There is a stone staircase leading up here.
The wight hits you with a +0 battleaxe! The wight hits you but does no damage.
You climb upwards.
There is a stone staircase leading down here.
The wight attacks as you move away! The wight hits you with a +0 battleaxe!
The wight hits you with a +5 short sword!
* * * LOW HITPOINT WARNING * * *
The wight attacks as you move away! The wight hits you but does no damage.
The wight attacks as you move away! The wight closely misses you.
The wight attacks as you move away! The wight hits you with a +0 battleaxe.
* * * LOW HITPOINT WARNING * * *
The wight attacks as you move away!
The wight hits you with a +5 short sword.
* * * LOW HITPOINT WARNING * * *
You feel better. You block the wight's attack.
The wight hits you with a +0 battleaxe.
* * * LOW HITPOINT WARNING * * *
The wight attacks as you move away!
The wight hits you with a +5 short sword!
* * * LOW HITPOINT WARNING * * *
You hit the wight.
The wight is lightly damaged.
The wight hits you but does no damage. The wight hits you with a +0 battleaxe.
You die...

#####.......####.######...._.....
................>.....#.##...##.#
######.#####......###.#.#.....#.#
#.# #......#.......#.#...#
######.#####......#.#....##.##..#
..................#.#..#.......##
.........#######..#.#..........#
..............##zz..#.##.......#
..............##@####.##########
..............##.# #..##
.........#######.####...##
.........................####
...................#+#......#
#########..........#.#....#.#
#........###.###..#.#
#........'.....+..#.# ###
#".......###.###.##.#


You could see 2 wights.

Vanquished Creatures
  Grinder (D:3)
  Menkaure (Ossuary)
  A black bear (D:3)
  Blork the orc (D:4)
  A necrophage (D:5)
  A wight (D:5)
  A howler monkey (D:4)
  2 hounds
  3 jellies
  2 orc priests
  Jessica (D:3)
  Ijyb (D:5)
  2 iguanas
  3 mummies (Ossuary)
  3 gnolls
  15 adders
  A white imp (D:5)
  2 ufetubi (D:5)
  2 worms
  3 dart slugs
  7 orcs
  10 ball pythons
  11 endoplasms
  A giant cockroach (D:2)
  7 gnoll zombies (Ossuary)
  9 goblins
  11 hobgoblins
  8 jackals
  8 kobolds
  2 quokkas
  12 bats
  3 frilled lizards
  7 gnoll skeletons (Ossuary)
  6 goblin skeletons (Ossuary)
  A goblin zombie (Ossuary)
  A hobgoblin skeleton (Ossuary)
  5 hobgoblin zombies (Ossuary)
  3 kobold skeletons (Ossuary)
  4 kobold zombies (Ossuary)
  4 orc skeletons (Ossuary)
  4 orc zombies (Ossuary)
  4 rats
  4 rat skeletons (Ossuary)
  4 rat zombies (Ossuary)
183 creatures vanquished.

Notes
Turn   | Place    | Note
-------+----------+-------------------------------------------
     0 | D:1      | Thatpatchoflichen the Ghoul Gladiator began the quest for
                  | the Orb.
     0 | D:1      | Reached XP level 1. HP: 17/17 MP: 0/0
   239 | D:1      | Reached XP level 2. HP: 19/25 MP: 1/1
   493 | D:1      | Reached XP level 3. HP: 28/31 MP: 2/2
  1023 | D:2      | Found Nuc Xumn's Magic Scroll Shop.
  1268 | D:2      | Found Lebutone's Armour Shop.
  1320 | D:2      | Found Umoz's Antique Armour Shoppe.
  1355 | D:2      | Found Buorpha's Distillery.
  1374 | D:2      | Reached XP level 4. HP: 38/38 MP: 3/3
  1412 | D:2      | Found Umnu's General Store.
  1681 | D:2      | Reached skill level 1 in Armour
  2118 | D:3      | Noticed Grinder
  2127 | D:3      | Paralysed by something for 2 turns
  2136 | D:3      | Paralysed by something for 5 turns
  2148 | D:3      | Paralysed by something for 4 turns
  2417 | D:3      | Paralysed by Grinder for 3 turns
  2426 | D:3      | Paralysed by Grinder for 2 turns
  2430 | D:3      | Paralysed by Grinder for 2 turns
  2436 | D:3      | Paralysed by Grinder for 3 turns
  2443 | D:3      | Killed Grinder
  2444 | D:3      | Reached XP level 5. HP: 9/46 MP: 4/4
  2444 | D:3      | Reached XP level 6. HP: 10/52 MP: 5/5
  2738 | D:3      | Noticed a black bear
  3713 | D:4      | Found a sand-covered staircase.
  3719 | Ossuary  | Entered an ossuary
  4069 | Ossuary  | Reached XP level 7. HP: 59/59 MP: 6/6
  4306 | Ossuary  | Noticed Menkaure
  4315 | Ossuary  | Killed Menkaure
  5110 | D:3      | Noticed Jessica
  5112 | D:3      | Found a stormy altar of Qazlal.
  5123 | D:3      | Killed Jessica
  5241 | D:3      | Reached skill level 5 in Long Blades
  5377 | D:3      | Found a radiant altar of Vehumet.
  5504 | D:4      | Found a shimmering altar of Xom.
  5626 | D:4      | Found a burning altar of Makhleb.
  5736 | D:4      | Noticed Blork the orc
  5750 | D:4      | Killed Blork the orc
  5751 | D:4      | Reached XP level 8. HP: 17/67 MP: 7/7
  6428 | D:5      | Entered Level 5 of the Dungeon
  6519 | D:5      | Reached skill level 5 in Fighting
  6675 | D:5      | Noticed Ijyb
  6689 | D:5      | Killed Ijyb
  6760 | D:5      | Got the Handbook of Clay and the Atmosphere
  7073 | D:6      | Found a blossoming altar of Fedhas.
  7092 | D:5      | Reached skill level 5 in Armour
  7092 | D:5      | Reached skill level 5 in Dodging
  7119 | D:4      | HP: 2/68 [wight/+5 short sword (2)]
  7123 | D:4      | Slain by a wight

Illustrated notes

Levels and vault maps discovered:
D:1:      shiori_shiawase, layout_rooms, minmay_distorted
D:2:      layout_loops_cross, serial_shops, shop, shop_statue,
          nicolae_shop_trees, nicolae_shop_stone, shop
D:3:      minmay_angry_zag, layout_basic, mainiacjoe_overflow_alcove_4,
          nicolae_qazlal_scattered_showers, uniq_grinder, uniq_jessica
D:4:      layout_basic, overflow_temple_1_default,
          mainiacjoe_overflow_small_starburst, nicolae_ossuary_entry_plus,
          minmay_starry_boxes, uniq_blork_the_orc
D:5:      layout_rooms, kennysheep_generic_room_2, uniq_ijyb
D:6:      layout_cave_pods, fedhas_altar_1, minmay_temple_entry_slanted,
          amcnicky_mini_corridor_feature, minmay_diced_spiral

Skill      XL: |  1  2  3  4  5  6  7  8 |
---------------+-------------------------+-----
Long Blades    | 3 4 5 |  5.6
Dodging        | 3 4 5 |  5.0
Fighting       | 3 4 5 |  5.3
Armour         | 2 3 4 5 |  5.0
Throwing       | |  1.7

Action                   |  1- 3 |  4- 6 |  7- 9 || total
-------------------------+-------+-------+-------++-------
Melee: Long sword        |   100 |       |       ||   100
       Punch             |     1 |     3 |     3 ||     7
       Scimitar          |    72 |   294 |   239 ||   605
  Use: Potion            |       |       |     1 ||     1
Armor: Ring mail         |   122 |    76 |       ||   198
       Leather armour    |     6 |       |       ||     6
       Skin              |     3 |       |       ||     3
       Chain mail        |       |    66 |   124 ||   190
Dodge: Dodged            |   203 |   140 |   102 ||   445
Block: Other             |       |    60 |    54 ||   114
